 Dungeon Crawl Stone Soup version 0.20-a0-77-g476458c (webtiles) character file.

104 KristoblXynda the Conjurer (level 4, -3/33 HPs)
             Began as a Draconian Conjurer on Nov 19, 2016.
             Slain by a worm (6 damage)
             ... on level 2 of the Dungeon.
             The game lasted 00:04:38 (2181 turns).

KristoblXynda the Conjurer (Draconian Conjurer)     Turns: 2181, Time: 00:04:38

Health: -3/33      AC:  5    Str: 11    XL:     4   Next: 52%
Magic:  0/9        EV: 12    Int: 16    God:
Gold:   115        SH:  0    Dex: 13    Spells: 1 memorised, 8 levels left

rFire  + . .     SeeInvis .     c - +0 dagger
rCold  + . .     Gourm    .     (armour unavailable)
rNeg   . . .     Faith    .     (no shield)
rPois  +         Spirit   .     (helmet restricted)
rElec  +         Reflect  .     (no cloak)
rCorr  +         Harm     .     (no gloves)
MR     .....                    (no boots)
Stlth  ++........               (no amulet)
                                (no ring)
                                (no ring)

@: resistant
A: unfitting armour, agile 1, deterioration 1, cold-blooded, AC +5
a: no special abilities


You were on level 2 of the Dungeon.
You were hungry.

You visited 1 branch of the dungeon, and saw 2 of its levels.

You collected 115 gold pieces.

Inventory:

Hand Weapons
 c - a +0 dagger (weapon)
Scrolls
 d - a scroll of blinking {unknown}
 e - 3 scrolls of identify {unknown}
 f - a scroll of magic mapping {unknown}
 g - a scroll of enchant weapon {unknown}
 m - a scroll of enchant armour {unknown}
Potions
 k - 2 potions of curing {unknown}
 n - a potion of flight {unknown}
Books
 a - a book of Conjurations

   Spells                             Type                      Level
   a - Magic Dart                     Conjuration                  1
   b - Searing Ray                    Conjuration                  2
   c - Dazzling Spray                 Conjuration/Hexes            3
   d - Fulminant Prism                Conjuration/Hexes            4
   e - Iskenderun's Mystic Blast      Conjuration                  4
   f - Iskenderun's Battlesphere      Conjuration/Charms           5
Comestibles
 b - a bread ration
 l - a meat ration


   Skills:
 - Level 1.7 Dodging
 - Level 1.7 Stealth
 + Level 3.4 Spellcasting
 + Level 5.1 Conjurations


You had 8 spell levels left.
You knew the following spells:

 Your Spells              Type           Power        Failure   Level  Hunger
a - Magic Dart            Conj           ###.         2%          1    None


Dungeon Overview and Level Annotations

Branches:
Dungeon (2/15)

Altars:
Xom


Innate Abilities, Weirdness & Mutations

Your plain brown scales are hard. (AC +5)
You cannot fit into any form of body armour.
You are cold-blooded and may be slowed by cold attacks.
You are agile. (Dex +2)
Your body sometimes deteriorates upon taking damage.


Message History

Confirm with . or Enter, or press ? or * to list all spells.
Okay, then.
Casting: Magic Dart
Confirm with . or Enter, or press ? or * to list all spells.
Aiming: Magic Dart
Press: ? - help, Shift-Dir - straight line, f/p - worm
Aim: a worm (severely wounded)
The magic dart hits the worm.
The worm is severely wounded.
It was a potion of mutation.
You feel extremely strange.
You feel agile.
You feel yourself wasting away.
Okay, then.
You are feeling hungry.
Casting: Magic Dart
Confirm with . or Enter, or press ? or * to list all spells.
Okay, then.
It was a potion of resistance.
You feel protected. The worm bites you.
You die...

._. #.# #####
#...... #.≈.
##'###...# #......
_..._###....#.#.#
#..
_..≈≈^.#......#.#
..###.(
#......###†#
....'.. ###....#
#.# ..###..
#....###.# #..
#....#...# #..
....## #....#@###
##.. ......
#....#w# #...
....# #....#.#
#... ....#
#....#.# #...
....# ###..##.#
###. ....#
#.....#.# #.
....######.......#
..
............⌠..).#
##
#+#.######.....#.#


You could see a worm.

Vanquished Creatures
  6 adders (D:2)
  2 oozes
  2 dart slugs
  8 bats
  A giant cockroach (D:1)
  4 goblins
  4 hobgoblins
  4 jackals (D:1)
  A ball python (D:1)
  2 frilled lizards (D:1)
  5 kobolds
  3 rats
42 creatures vanquished.

Notes
Turn   | Place    | Note
-------+----------+-------------------------------------------
     0 | D:1      | KristoblXynda the Draconian Conjurer began the quest for the Orb.
     0 | D:1      | Reached XP level 1. HP: 14/14 MP: 3/3
   179 | D:1      | Reached XP level 2. HP: 17/20 MP: 0/5
  1121 | D:2      | Reached XP level 3. HP: 26/26 MP: 7/7
  1868 | D:2      | Reached XP level 4. HP: 33/33 MP: 3/8
  1938 | D:2      | Found a shimmering altar of Xom.
  1938 | D:2      | Found a shimmering altar of Xom.
  1939 | D:2      | Found a shimmering altar of Xom.
  1939 | D:2      | Found a shimmering altar of Xom.
  2019 | D:2      | Reached skill level 5 in Conjurations
  2179 | D:2      | Gained mutation: You are agile. (Dex +2) [potion of mutation]
  2179 | D:2      | Gained mutation: Your body sometimes deteriorates upon taking damage. [potion of mutation]
  2181 | D:2      | Slain by a worm

Vault maps used:
D:1:      saegor_arrival_miasma, serial_bayou, serial_bayou_pond_e,
          serial_bayou_ford_a, serial_bayou_shore_a, serial_bayou_shore_b,
          serial_bayou_pond_a
D:2:      xom_redecorated, solitary_fountain

Skill      XL: |  1  2  3  4 |
---------------+-------------+-----
Spellcasting   | 3 |  3.4
Conjurations   | 5 |  5.1
Dodging        | |  1.7
Stealth        | |  1.7

Action                   |  1- 3 |  4- 6 || total
-------------------------+-------+-------++-------
Melee: Dagger            |   105 |    25 ||   130
       Unarmed           |     5 |       ||     5
       Tailslap          |     7 |     3 ||    10
 Cast: Magic Dart        |    39 |    31 ||    70
  Use: Potion            |       |     2 ||     2
 Stab: Sleeping          |     4 |       ||     4
  Eat: Chunk             |     3 |     1 ||     4
Armor: Skin              |    29 |    14 ||    43
Dodge: Dodged            |    80 |    26 ||   106
